 Dungeon Crawl Stone Soup version 0.30-a0-652-gcc886f7154 (webtiles) character file.

Game seed: 883893820542572649

2035 Dittersdorf the Trooper (level 9, -10/57 HPs)
             Began as a Gargoyle Fighter on Jan 17, 2023.
             Was a Follower of Okawaru.
             Killed from afar by a steam dragon (14 damage)
             ... with a ball of steam
             ... on level 7 of the Dungeon.
             The game lasted 00:12:24 (6806 turns).

Dittersdorf the Trooper (Gargoyle Fighter)          Turns: 6806, Time: 00:12:25

Health: -10/57     AC: 19    Str: 23    XL:     9   Next: 24%
Magic:  9/9        EV:  8    Int: 10    God:    Okawaru [*.....]
Gold:   258        SH:  5    Dex:  9    Spells: 8/8 levels left

rFire   . . .      SeeInvis .    a - +1 flail (protect)
rCold   . . .      Faith    .    c - +0 buckler
rNeg    + . .      Spirit   .    q - +1 chain mail
rPois   ∞          Reflect  .    (no helmet)
rElec   +          Harm     .    (no cloak)
rCorr   .          Rampage  .    f - +0 pair of gloves
Will    +....                    (no boots) Stlth
                                 (no amulet)
HPRegen 0.29/turn                i - ring of willpower
MPRegen 0.11/turn                (no ring)

@: no status effects
A: sickness immunity, AC +6, negative energy resistance 1, electricity
resistance, torment resistance 1, petrification resistance
a: Renounce Religion, Heroism


You were on level 7 of the Dungeon.
You worshipped Okawaru.
Okawaru was aware of your devotion.
You visited 2 branches of the dungeon, and saw 8 of its levels.
You also visited: Sewer.

You collected 258 gold pieces.

Inventory:

Hand Weapons
 a - a +1 flail of protection (weapon)
Missiles
 m - 9 poisoned darts (quivered)
Armour
 c - a +0 buckler (worn)
 f - a +0 pair of gloves (worn)
 q - a +1 chain mail (worn)
Jewellery
 i - a ring of willpower (left hand)
Scrolls
 e - 2 scrolls of poison
 g - 3 scrolls of teleportation
 h - 2 scrolls of blinking
 j - a scroll of fog
 l - a scroll of identify
Potions
 b - a potion of haste
 d - a potion of might
 k - 2 potions of heal wounds
 n - 5 potions of curing


   Skills:
 + Level 7.3 Fighting
 + Level 6.1 Maces & Flails
 + Level 7.3 Armour
 + Level 7.3 Shields


You had 8 spell levels left.
You didn't know any spells.
Your spell library contained the following spells:

 Spells                   Type           Power      Damage    Failure   Level
 Freeze                   Ice            0%         1d3       97%         1
 Sandblast                Erth           0%         2d4       97%         1
 Lesser Beckoning         Tloc           0%         N/A       99%         2
 Passwall                 Tmut/Erth      0%         N/A       99%         2
 Wereblood                Tmut           0%         N/A       99%         2
 Frozen Ramparts          Ice            0%         1d1       100%        3
 Gell's Gravitas          Tloc           0%         N/A       100%        3
 Hailstorm                Conj/Ice       0%         3d3       100%        3
 Stone Arrow              Conj/Erth      0%         3d7       100%        3
 Teleport Other           Tloc           0%         N/A       100%        3
 Dispersal                Tloc           0%         N/A       100%        6
 Sublimation of Blood     Necr           Unusable   N/A       N/A         2
 Summon Hydra             Summ           Unusable   N/A       N/A         7

Dungeon Overview and Level Annotations

Branches:
Dungeon (7/15)             Temple (1/1) D:5           Sewer (visited)

Altars:
Ashenzari
Cheibriados
Dithmenos
Elyvilon
Fedhas
Hepliaklqana
Kikubaaqudgha
Makhleb
Okawaru
Qazlal
Ru
Sif Muna
Trog
Uskayaw
Vehumet
Wu Jian
Xom
Yredelemnul
Zin
The Shining One

Shops:
D:4 (

Annotations:
D:7 2 transporters, Foxy's ghost, novice KoBr


Innate Abilities, Weirdness & Mutations

You are immune to sickness and miasma.
Your stone body is resilient. (AC +6)
You are immune to poison.
You resist negative energy. (rN+)
You are resistant to electric shocks. (rElec)
You are resistant to unholy torment.
You are immune to petrification.


Message History

You are too injured to fight recklessly!
You are too injured to fight recklessly!
You are too injured to fight recklessly!
You are too injured to fight recklessly!
You are too injured to fight recklessly!
You are too injured to fight recklessly!
You are too injured to fight recklessly!
You are too injured to fight recklessly!
You are too injured to fight recklessly!
You are too injured to fight recklessly!
You are engulfed in a cloud of scalding steam.
The steam dragon attacks as you move away!
You block the steam dragon's attack. The steam dragon claws you.
You are engulfed in a cloud of scalding steam.
The steam dragon attacks as you move away!
The steam dragon bites you but does no damage.
The steam dragon claws you but does no damage.
The steam dragon attacks as you move away!
The steam dragon bites you but does no damage.
You block the steam dragon's attack.
The orc priest looks encouraged for a moment.
The steam dragon attacks as you move away!
The steam dragon bites you.
The steam dragon claws you but does no damage.
The steam dragon breathes steam at you. The ball of steam hits you!
* * * LOW HITPOINT WARNING * * *
Found a rapier.
A howler monkey comes into view.
A howler monkey comes into view.
The howler monkey howls!
You hear a howl!
The steam dragon breathes steam at you. The ball of steam hits you!
* * * LOW HITPOINT WARNING * * *
A howler monkey comes into view.
The howler monkey howls!
The howler monkey moves out of view.
The steam dragon breathes steam at you. The ball of steam hits you!
You die...

.# #.#.# #...#..##... #..#.. .#
#.#.# #...####≈#..##.##.. .#
#.#.# .....# #.)...##... .# #.#.#
#.#...## #.....##..# .# #.#.#
..#....###...###...#
.#######<#...#####....#####....##
.........# .. #...#....©....###
########## #.#...........###
#..@.######...# ##.#§# ##..#
######### #.#§#######..######
#.......> #..................
##.##### #...#..D###..##..#####
.......####...h.#§.o§§D.##..#
...##..........h#h##o##o##..#
#####.................>..§..#
#.######.....(...#.o###.#


You could see a howler monkey.

Vanquished Creatures
  Sigmund (D:4)
  2 ice beasts (D:5)
  An orc warrior (D:7)
  A black bear (D:4)
  A centaur (D:7)
  A phantom (D:5)
  2 kobold brigands
  2 bullfrogs
  2 necrophages
  4 scorpions
  3 howler monkeys
  2 jellies (D:6)
  3 hounds (D:5)
  3 orc priests
  2 iguanas
  An orc wizard (D:6)
  4 river rats (D:5)
  12 adders
  A white imp (D:6)
  An ufetubus (D:7)
  4 worms
  2 dart slugs (D:1)
  11 orcs
  10 endoplasms
  8 giant cockroaches
  7 goblins
  4 hobgoblins
  15 kobolds
  12 quokkas
  24 ball pythons
  7 bats
  13 frilled lizards
  6 rats
172 creatures vanquished.

Notes
Turn   | Place    | Note
-------+----------+-------------------------------------------
     0 | D:1      | Dittersdorf the Gargoyle Fighter began the quest for the
                  | Orb.
     0 | D:1      | Reached XP level 1. HP: 14/14 MP: 1/1
   134 | D:1      | Reached XP level 2. HP: 19/19 MP: 2/2
   449 | D:1      | Reached XP level 3. HP: 23/23 MP: 3/3
  1179 | D:2      | Reached XP level 4. HP: 8/29 MP: 4/4
  2182 | D:3      | Found a broken altar of Ashenzari.
  2346 | D:3      | Found an ancient bone altar of Kikubaaqudgha.
  2720 | D:3      | Found a glowing golden altar of the Shining One.
  2962 | D:4      | You fall into a shaft and drop 3 floors!
  2963 | D:7      | yay!
  3019 | D:7      | Noticed a kobold brigand
  3056 | D:7      | Killed a kobold brigand
  3057 | D:7      | Reached XP level 5. HP: 17/34 MP: 5/5
  3133 | D:7      | Found a basalt altar of Yredelemnul.
  3278 | D:5      | Entered Level 5 of the Dungeon
  3278 | D:5      | Found a staircase to the Ecumenical Temple.
  3287 | Temple   | Entered the Ecumenical Temple
  3287 | Temple   | Found a transporter.
  3287 | Temple   | Found a transporter.
  3289 | Temple   | Found a transporter.
  3289 | Temple   | Found a transporter.
  3333 | D:5      | Noticed an ice beast
  3346 | D:5      | Reached XP level 6. HP: 34/39 MP: 6/6
  3360 | D:5      | Killed an ice beast
  3361 | D:5      | Reached skill level 5 in Fighting
  3361 | D:5      | Reached skill level 5 in Armour
  3419 | D:5      | Reached skill level 5 in Shields
  3419 | D:5      | Reached XP level 7. HP: 24/44 MP: 7/7
  3504 | D:4      | Found Zipn's Weapon Boutique.
  3603 | D:5      | Found a glowing drain.
  3610 | Sewer    | Entered a sewer
  4052 | Sewer    | Reached XP level 8. HP: 47/51 MP: 8/8
  4722 | D:4      | Found a hazy altar of Hepliaklqana.
  4722 | D:4      | Found an iron altar of Okawaru.
  4722 | D:4      | Noticed Sigmund
  4733 | D:4      | Became a worshipper of Warmaster Okawaru
  4744 | D:4      | Killed Sigmund
  4745 | D:4      | Reached skill level 5 in Maces & Flails
  4805 | D:4      | Found a burning altar of Makhleb.
  5564 | D:6      | Found a snail-covered altar of Cheibriados.
  6136 | D:6      | Found a white marble altar of Elyvilon.
  6496 | D:7      | Reached XP level 9. HP: 52/56 MP: 9/9
  6612 | D:7      | Reached * piety under Okawaru
  6719 | D:7      | Noticed a moth of wrath
  6734 | D:7      | Found a transporter.
  6735 | D:7      | Found a bloodstained altar of Trog.
  6735 | D:7      | Noticed Foxy's ghost (novice KoBr)
  6753 | D:7      | Found a transporter.
  6801 | D:7      | HP: 2/57 [something/ball of steam (11)]
  6806 | D:7      | Killed from afar by a steam dragon

Illustrated notes

# #.#######
#....(..#
#.......#
#......@#
#..............
#.......#######
#......>#
#.......#
#.##.#### # #.
#.


Turn 2963 on D:7: yay!

Levels and vault maps discovered:
D:1:      roderic_chinese_lattice_arrival, layout_loops_ring
D:2:      layout_basic, patterned_corridor
D:3:      layout_loops_cross, tso_oasis_becter, lemuel_tele_altar,
          old_standard_altar, palyth_stone_intersect
D:4:      minmay_razor_zed, layout_basic, overflow_temple_1_default,
          overflow_temple_1_default, marbit_many_paths, serial_shops,
          nicolae_shop_behind_doors, feat_on_display, uniq_sigmund
D:5:      layout_cave_pools, minmay_temple_entry_gardened_gates,
          lightli_sewer_entry_pipes
D:6:      layout_gridville, mainiacjoe_overflow_six_doors_small,
          elyvilon_altar_4
D:7:      layout_loops_ring, old_standard_altar,
          gammafunk_ghost_wrathful_warriors
Temple:   hellmonk_temple_divided_pantheon

Skill      XL: |  1  2  3  4  5  6  7  8  9 |
---------------+----------------------------+-----
Armour         | 4 5 7 |  7.3
Fighting       | 4 5 6 7 |  7.3
Shields        | 4 5 6 7 |  7.3
Maces & Flails | 3 4 5 6 |  6.1

Action                   |  1- 3 |  4- 6 |  7- 9 || total
-------------------------+-------+-------+-------++-------
Melee: Flail             |   128 |   151 |   376 ||   655
Throw: Dart              |       |     6 |     8 ||    14
  Use: Scroll            |       |     8 |    10 ||    18
Armor: Scale mail        |   100 |    27 |       ||   127
       Chain mail        |       |    64 |   327 ||   391
Dodge: Dodged            |    84 |    57 |   178 ||   319
Block: Buckler           |    34 |    20 |   103 ||   157

Table legend: (Time is in decaauts)
 A = Elapsed time spent in this place.
 B = Non-inter-level travel time spent in this place.
 C = Inter-level travel time spent in this place.
 D = Time resting spent in this place.
 E = Time spent auto-exploring this place.
 F = Levels seen in this place.
 G = Mean time per level.
                   A        B        C        D        E       F      G
               +--------+--------+--------+--------+--------+-----+--------+
         Total |   7064 |   6642 |    422 |    446 |   4399 |   9 |  784.9 |
       Dungeon |   6462 |   6040 |    422 |    320 |   4247 |   7 |  923.1 |
        Temple |     39 |     39 |      0 |      0 |      0 |   1 |   39.0 |
         Sewer |    562 |    562 |      0 |    126 |    152 |   1 |  562.0 |
               +--------+--------+--------+--------+--------+-----+--------+

Top non-repeatable levels by time:
     D:2: 1302 daAuts
     D:4: 1064 daAuts
     D:6: 1032 daAuts
     D:3: 865 daAuts
     D:1: 858 daAuts
     D:5: 761 daAuts
     D:7: 577 daAuts
   Sewer: 562 daAuts
  Temple: 39 daAuts
